 Dungeon Crawl Stone Soup version 0.30.1-4-g462c640d31 (webtiles) character file.

Game seed: 7784998247423394660

6052 pkoi the Cleaver (level 10, 0/83 HPs)
             Began as a Minotaur Gladiator on Aug 31, 2023.
             Was an Initiate of Gozag.
             Killed from afar by Erica (14 damage)
             ... with a bolt of acid
             ... on level 8 of the Dungeon.
             The game lasted 00:08:52 (8442 turns).

pkoi the Cleaver (Minotaur Gladiator)               Turns: 8442, Time: 00:08:53

Health: 0/83       AC:  8    Str: 23    XL:     10   Next: 57%
Magic:  9/9        EV: 10    Int:  5    God:    Gozag
Gold:   1743       SH:  0    Dex:  9    Spells: 9/9 levels left

rFire   . . .        E - +5 battleaxe
rCold   . . .        (shield currently unavailable)
rNeg    . . .        v - +0 chain mail
rPois   .            c - +1 hat
rElec   .            h - scarf {+Inv}
rCorr   .            m - +2 pair of gloves of Roabie {Fly Will++ Dex-5 Stlth+}
SInv    .            (no boots)
Will    ++...        (no amulet) Stlth
                     (no ring)
HPRegen 0.33/turn    (no ring)
MPRegen 0.11/turn

%: no passive effects
@: corroded, flying
A: horns 2, retaliatory headbutt, thin skeletal structure 1
a: Renounce Religion, Evoke Invisibility, Potion Petition, Call Merchant, Bribe
Branch


You were on level 8 of the Dungeon.
You worshipped Gozag.
Gozag was most pleased with you.
You visited 2 branches of the dungeon, and saw 9 of its levels.
You also visited: Sewer.

You collected 1782 gold pieces.
You paid 39 gold pieces to Gozag.

Inventory:

Hand Weapons
 a - a +1 war axe
 E - a +5 battleaxe (weapon)
Missiles
 d - 5 throwing nets (quivered)
 e - 7 javelins
Armour
 b - a +0 leather armour
 c - a +1 hat (worn)
 h - a scarf of invisibility (worn)
 m - the +2 pair of gloves of Roabie (worn) {Fly Will++ Dex-5 Stlth+}
   (You found it on level 3 of the Dungeon)

   Dex:       It affects your dexterity (-5).
   Fly:       It grants you flight.
   Will:      It greatly increases your willpower.
   Stlth:     It makes you more stealthy.
 v - a +0 chain mail (worn)
Jewellery
 x - a +5 ring of evasion
 F - a ring of magical power
 G - a ring of fire
Wands
 k - a wand of charming (10)
 B - a wand of roots (6)
 D - a wand of flame (20)
Scrolls
 f - 3 scrolls of teleportation
 g - 2 scrolls of poison
 j - 5 scrolls of identify
 o - a scroll of enchant armour
 p - a scroll of torment {unknown}
 y - 2 scrolls of fear
 C - 2 scrolls of blinking
Potions
 i - 4 potions of brilliance {unknown}
 l - 3 potions of might
 n - 4 potions of curing
 q - a potion of ambrosia {unknown}
 r - 2 potions of cancellation
 s - a potion of lignification
 t - 2 potions of invisibility {unknown}
 u - 4 potions of mutation
 w - a potion of haste
 z - a potion of magic {unknown}
 A - 2 potions of resistance {unknown}


   Skills:
 - Level 6.0 Fighting
 + Level 13.4 Axes
 - Level 2.0 Throwing
 - Level 12.0 Armour
 - Level 5.2 Dodging


You had 9 spell levels left.
You didn't know any spells.
Your spell library contained the following spells:

 Spells                   Type           Power      Damage    Failure   Level
 Scorch                   Fire           0%         2d5       97%         2
 Summon Guardian Golem    Hex/Summ       0%         N/A       100%        3
 Flame Wave               Conj/Fire      0%         2d4       100%        4
 Summon Cactus Giant      Summ           0%         N/A       100%        6
 Orb of Destruction       Conj           0%         9d5       100%        7
 Spellforged Servitor     Conj/Summ      0%         N/A       100%        7


Dungeon Overview and Level Annotations

Branches:
Dungeon (8/15)             Temple (1/1) D:5            Lair (0/5) D:8
  Sewer (visited)

Altars:
Ashenzari
Cheibriados
Dithmenos
Elyvilon
Fedhas
Gozag
Hepliaklqana
Kikubaaqudgha
Makhleb
Nemelex Xobeh
Qazlal
Ru
Sif Muna
Trog
Vehumet
Wu Jian
Xom
Yredelemnul
The Shining One

Shops:
D:5 *   D:6 ?

Annotations:
D:8 Erica


Innate Abilities, Weirdness & Mutations

You have a pair of horns on your head.
You reflexively headbutt those who attack you in melee.
You have a somewhat thin skeletal structure. (Dex +2, Stealth+)


Message History

The bolt of acid hits you but does no damage.
The acid corrodes you!
You hit something but do no damage. Something hits you but does no damage.
Unknown command.
You miss something.
You hear a zap.
A bolt of acid appears from out of thin air!
The bolt of acid hits you! The acid corrodes you!
Unknown command.
You hit something. Something hits you. Something burns you.
Unknown command.
You miss something. Your headbutt misses something.
You hear some strange, mumbled words.
A bolt of poison appears from out of thin air!
The bolt of poison hits you!
You are poisoned.
You miss something.
You feel very sick. Something hits you! Something burns you!
Unknown command.
You hit something but do no damage.
You feel sick. Something hits you.
* * * LOW HITPOINT WARNING * * *
Something burns you.
* * * LOW HITPOINT WARNING * * *
You miss something. Your headbutt misses something.
You feel sick. Something hits you.
* * * LOW HITPOINT WARNING * * *
Something burns you.
* * * LOW HITPOINT WARNING * * *
Unknown command.
You barely miss something. Your headbutt misses something.
You feel sick. Something hits you but does no damage.
Unknown command.
Okay, then.
You feel better.
You hear a zap.
A bolt of acid appears from out of thin air!
The bolt of acid hits you!
You die...
Your body crumbles into a pile of gold.

P..)..PP.P........####
.P..)...P.P.......#...
..P..)..............#
P..................#
........P....##...######
#.......P.##.##.........
#.......####>.'.........
#...##### #.##.........
#.### #.##.@....... #.#
#.##.{....... #.#
#.##......... #.#
#.##......... #.#
#.##.........
#.##########.##.........
#..........#.###########
##########.#.###########
# .......<#...........#


There were no monsters in sight!

Vanquished Creatures
  Grinder (D:4)
  Sigmund (D:5)
  7 yaks (D:8)
  2 wyverns
  Eustachio (D:5)
  2 steam dragons
  2 water moccasins (D:8)
  Pargi (D:3)
  2 sky beasts
  2 ice beasts (D:7)
  A black bear (D:8)
  2 ogres
  3 phantoms
  2 centaurs
  6 bullfrogs
  4 scorpions
  8 kobold brigands
  5 wights (D:7)
  5 killer bees (D:7)
  2 hounds
  A jelly (D:6)
  A gnoll bouda (D:4)
  4 orc priests
  Ijyb (D:5)
  2 iguanas
  A sleepcap (D:6)
  11 orc wizards
  14 gnolls
  8 adders
  2 shadow imps (D:5)
  3 white imps
  4 worms
  A dart slug (D:2)
  30 orcs
  9 ball pythons
  3 endoplasms (Sewer)
  10 giant cockroaches
  6 goblins
  2 hobgoblins (D:2)
  10 jackals
  8 quokkas
  7 bats
  A frilled lizard (D:2)
  16 kobolds
  13 rats
  A spectral kobold (D:6)
228 creatures vanquished.

Notes
Turn   | Place    | Note
-------+----------+-------------------------------------------
     0 | D:1      | pkoi the Minotaur Gladiator began the quest for the Orb.
     0 | D:1      | Reached XP level 1. HP: 18/18 MP: 0/0
   222 | D:1      | Reached XP level 2. HP: 25/25 MP: 1/1
   514 | D:1      | Found a faded altar of an unknown god.
   755 | D:1      | Reached skill level 4 in Axes
  1286 | D:2      | Reached XP level 3. HP: 30/31 MP: 2/2
  1455 | D:2      | Reached XP level 4. HP: 31/40 MP: 3/3
  1461 | D:2      | Reached skill level 5 in Axes
  1461 | D:2      | Reached XP level 5. HP: 30/46 MP: 4/4
  1865 | D:3      | Noticed Pargi
  1909 | D:3      | Found an opulent altar of Gozag.
  1952 | D:3      | Identified the +2 pair of gloves of Roabie {Fly Will++
                  | Dex-5 Stlth+}
  1978 | D:3      | Became a worshipper of Gozag Ym Sagoz the Greedy
  2255 | D:3      | Killed Pargi
  2256 | D:3      | Reached skill level 5 in Dodging
  2256 | D:3      | Reached XP level 6. HP: 49/55 MP: 5/5
  2431 | D:3      | Found a broken altar of Ashenzari.
  2605 | D:4      | Reached skill level 5 in Fighting
  2680 | D:4      | Found a glowing drain.
  2705 | Sewer    | Entered a sewer
  2751 | Sewer    | Reached skill level 6 in Axes
  2751 | Sewer    | Reached skill level 1 in Armour
  2923 | Sewer    | Reached XP level 7. HP: 24/62 MP: 6/6
  3455 | Sewer    | Reached skill level 7 in Axes
  3837 | D:4      | Identified the +3 quarterstaff "Xuf Sim" {drain, rF++}
  3878 | D:4      | Reached skill level 5 in Armour
  3878 | D:4      | Reached XP level 8. HP: 70/70 MP: 7/7
  3947 | D:4      | Found a shimmering blue altar of Sif Muna.
  3947 | D:4      | Found a sacrificial altar of Ru.
  3948 | D:4      | Found a blossoming altar of Fedhas.
  4017 | D:4      | Reached skill level 8 in Axes
  4256 | D:4      | Gained mutation: You have a somewhat thin skeletal
                  | structure. (Dex +2, Stealth+) [potion of mutation]
  4462 | D:5      | Entered Level 5 of the Dungeon
  4462 | D:5      | Noticed Ijyb
  4470 | D:5      | Killed Ijyb
  4627 | D:5      | Noticed Grinder
  4743 | D:4      | Killed Grinder
  4744 | D:4      | Reached skill level 9 in Axes
  4773 | D:5      | Found a staircase to the Ecumenical Temple.
  4780 | Temple   | Entered the Ecumenical Temple
  5003 | D:5      | Noticed Sigmund
  5007 | D:5      | Noticed Eustachio
  5127 | D:5      | Killed Sigmund
  5209 | D:5      | Killed Eustachio
  5210 | D:5      | Reached XP level 9. HP: 65/75 MP: 8/8
  5335 | D:5      | Reached skill level 10 in Axes
  5456 | D:5      | Identified the +3 dagger of the Vine {heavy, Fly}
  5459 | D:5      | Found Zeucweo's General Store.
  5621 | D:6      | Found Suiso's Magic Scroll Shop.
  5915 | D:6      | Found a hazy altar of Hepliaklqana.
  6014 | D:6      | Found an ornate altar of the Wu Jian Council.
  6133 | D:7      | Reached skill level 11 in Axes
  6551 | D:7      | Reached skill level 10 in Armour
  6645 | D:7      | Found a white marble altar of Elyvilon.
  7275 | D:7      | Reached skill level 12 in Axes
  7517 | D:8      | Found a staircase to the Lair.
  7527 | D:8      | Reached XP level 10. HP: 66/83 MP: 9/9
  8055 | D:8      | Reached skill level 13 in Axes
  8425 | D:8      | Noticed Erica
  8442 | D:8      | Killed from afar by Erica

Illustrated notes

Levels and vault maps discovered:
D:1:      heliophobic_arrival_glass_houses, layout_basic,
          chequers_ecumenical_altar_simple, minmay_misc_feat_tower
D:2:      layout_basic
D:3:      layout_basic, mainiacjoe_overflow_alcove_1,
          nicolae_overflow_hidden_temple, hangedman_decor_diamond_cutter,
          uniq_pargi
D:4:      layout_basic, gammafunk_temple_overflow_claw, portal_sewer_entry_f
D:5:      layout_rooms, minmay_temple_entry_ruins, serial_shops, shop,
          kennysheep_generic_room_15, uniq_grinder, uniq_ijyb, uniq_sigmund,
          uniq_eustachio
D:6:      layout_rooms, nicolae_hepliaklqana_monster_ancestors,
          general_overflow_altar, serial_shops, shop
D:7:      layout_layer_cave, mainiacjoe_overflow_24_doors
D:8:      layout_basic, due_lair_maze_entry_diamond, uniq_erica, uniq_amaemon
Temple:   minmay_temple_curvy_loop

Skill      XL: |  1  2  3  4  5  6  7  8  9 10 |
---------------+-------------------------------+-----
Axes           | 4 5 6 7 9 12 13 | 13.4
Fighting       | 3 4 5 6 |  6.0
Dodging        | 4 5 |  5.2
Armour         | 2 5 7 10 12 | 12.0
Throwing       | |  2.0

Action                     |  1- 3 |  4- 6 |  7- 9 | 10-12 || total
---------------------------+-------+-------+-------+-------++-------
  Melee: War axe           |    58 |    87 |   317 |       ||   462
         Headbutt          |     5 |     8 |    50 |    14 ||    77
         Punch             |       |       |     6 |       ||     6
         Battleaxe         |       |       |    27 |    86 ||   113
    Use: Scroll            |     3 |       |    12 |       ||    15
         Potion            |       |       |     4 |     1 ||     5
   Stab: Sleeping          |       |     1 |       |       ||     1
         Distracted        |       |       |     1 |     1 ||     2
 Armour: Leather armour    |    21 |    32 |       |       ||    53
         Chain mail        |       |     7 |   179 |    43 ||   229
  Dodge: Dodged            |    35 |    71 |   147 |    32 ||   285
